 Dungeon Crawl Stone Soup version 0.30.1-11-g7821555f0a (webtiles) character file.

Game seed: 1982097758920675726

1138 Betrocious the Cudgeller (level 8, -3/62 HPs)
             Began as a Mummy Chaos Knight on Jan 3, 2024.
             Was a Plaything of Xom.
             Slain by a wight
             ... wielding a +0 hand axe
              (5 damage)
             ... on level 6 of the Dungeon.
             The game lasted 00:42:00 (4222 turns).

Betrocious the Cudgeller (Mummy Chaos Knight)       Turns: 4222, Time: 00:42:01

Health: -3/62      AC: 12    Str: 18    XL:     8   Next: 14%
Magic:  17/17      EV:  8    Int: 11    God:    Xom [.....*]
Gold:   292        SH:  0    Dex: 11    Spells: 5/7 levels left

rFire   x . .        a - +0 mace (chaos)
rCold   + . .        (no shield)
rNeg    + + +        m - +3 chain mail {Will+}
rPois   ∞            (no helmet)
rElec   .            (no cloak)
rCorr   .            (no gloves)
SInv    .            (no boots)
Will    ++...        (no amulet) Stlth
                     q - ring of magical power
HPRegen 0.30/turn    (no ring)
MPRegen 0.15/turn

%: faith
@: no status effects
A: cold resistance 1, negative energy resistance 3, torment resistance 2, heat
vulnerability 1, in touch with death 1, no potions, faith
a: Renounce Religion


You were on level 6 of the Dungeon.
You worshipped Xom.
You were Xom's teddy bear.
You visited 2 branches of the dungeon, and saw 7 of its levels.

You collected 292 gold pieces.

Inventory:

Hand Weapons
 a - a +0 mace of chaos (weapon)
Missiles
 r - 2 throwing nets
Armour
 d - an orb of light
 m - a +3 chain mail of willpower (worn)
Jewellery
 q - a ring of magical power (left hand)
Wands
 h - a wand of polymorph (8)
Scrolls
 e - a scroll of magic mapping {unknown}
 j - a scroll of fear {unknown}
 l - a scroll of identify {unknown}
 p - a scroll of noise
Potions
 b - 2 potions of resistance {unknown}
 f - a potion of haste {unknown}
 g - 10 potions of curing {unknown}
 i - 5 potions of might {unknown}
 k - a potion of ambrosia {unknown}
 n - 3 potions of mutation {unknown}
 o - 6 potions of heal wounds {unknown}
Miscellaneous
 c - a piece from Xom's chessboard (14/15) (quivered)


   Skills:
 + Level 5.3 Fighting
 + Level 5.6 Maces & Flails
 + Level 4.3 Armour
 + Level 1.7 Dodging
 + Level 2.1 Stealth


You had 5 spell levels left.
You knew the following spells:

 Your Spells              Type           Power      Damage    Failure   Level
a - Foxfire               Conj/Fire      0%         2x1d4     97%         1
b - Necrotise             Necr           0%         1d4       97%         1

Your spell library contained the following spells:

 Spells                   Type           Power      Damage    Failure   Level
 Slow                     Hex            0%         N/A       97%         1
 Static Discharge         Conj/Air       0%         2-2/arc   99%         2
 Confusing Touch          Hex            0%         N/A       100%        3
 Vampiric Draining        Necr           0%         2d6       100%        3
 Airstrike                Air            0%         2d(0-16)  100%        4
 Summon Lightning Spire   Summ/Air       0%         N/A       100%        4
 Agony                    Necr           0%         N/A       100%        5
 Fireball                 Conj/Fire      0%         3d3       100%        5
 Plasma Beam              Fire/Air       0%         2x1d11    100%        6
 Starburst                Conj/Fire      0%         6d3       100%        6


Dungeon Overview and Level Annotations

Branches:
Dungeon (6/15)             Temple (1/1) D:5

Altars:
Ashenzari
Cheibriados
Fedhas
Hepliaklqana
Makhleb
Nemelex Xobeh
Okawaru
Sif Muna
Trog
Vehumet
Xom
Yredelemnul

Shops:
D:4 (

Annotations:
D:5 1 runed translucent door, exclusion: statue, caec's ghost, novice DrTm


Innate Abilities, Weirdness & Mutations

You are immune to poison.
Your flesh is cold resistant. (rC+)
You are immune to negative energy. (rN+++)
You are immune to unholy pain and torment.
You are vulnerable to heat. (rF-)
You are in touch with the powers of death.
You do not drink.
You have a special connection with the divine. (Faith)


Message History

You emit a cloud of colourful smoke!
The wight hits you but does no damage. The wight closely misses you.
The wight hits you from afar with a +1 halberd of flaming.
The wight burns you.
You hit the wight but do no damage.
The wight suddenly seems more resistant.
The wight hits you but does no damage. x2; The wight barely misses you.
You closely miss the wight. The wight hits you but does no damage.
The wight closely misses you. The wight misses you.
You hit the wight but do no damage. The wight hits you with a +0 hand axe.
The wight barely misses you.
You hit the wight.
The wight is moderately damaged.
The wight hits you with a +0 hand axe.
* * * LOW HITPOINT WARNING * * *
The wight hits you from afar with a +1 halberd of flaming.
* * * LOW HITPOINT WARNING * * *
The wight burns you.
* * * LOW HITPOINT WARNING * * *
The wight hits you with a +0 hand axe.
* * * LOW HITPOINT WARNING * * *
Aiming: Polymorph
Press: ? - help, Q - select action, (/) - cycle Shift-Dir - straight line, f - wight
Aim: a wight, wielding a +0 hand axe and wearing a +0 chain mail (magical condensation, moderately damaged, fast, unusually resistant, not susceptible)
The wight is unaffected.
The wight barely misses you. The wight hits you but does no damage.
The wight closely misses you.
You closely miss the wight.
The wight is moderately damaged.
The wight hits you from afar with a +1 halberd of flaming.
* * * LOW HITPOINT WARNING * * *
You emit a cloud of colourful smoke!
The wight burns you.
* * * LOW HITPOINT WARNING * * *
The wight barely misses you.
You hit the wight but do no damage.
The wight is moderately damaged.
The wight hits you with a +0 hand axe.
You die...
Xom titters!

.### ...### ###
.....# #### #@#
.....#####..####z###
........#....#.cz§.#
.....#..#.........##
..#.##.............#
...........#.†.....#
.....###.#####...###
.....# ###
#..(.<.... .......
##........


You could see a centaur and 2 wights.

Vanquished Creatures
  Grinder (D:3)
  Menkaure (D:4)
  Blork the orc (D:4)
  3 scorpions
  A bullfrog zombie (D:5)
  4 hounds
  A jelly (D:5)
  2 sleepcaps
  Ijyb (D:3)
  A hound zombie (D:5)
  6 adders
  4 gnolls (D:5)
  A shadow imp (D:5)
  5 worms
  3 dart slugs
  7 orcs
  5 bats
  9 endoplasms
  4 giant cockroaches
  9 goblins
  8 hobgoblins
  3 jackals
  7 quokkas
  13 ball pythons
  A frilled lizard (D:3)
  9 kobolds
  4 rats
114 creatures vanquished.

Vanquished Creatures (collateral kills)
  A sleepcap (D:3)
  2 orc wizards (D:3)
  An orc (D:3)
  A quokka (D:3)
  A bat (D:3)
  A kobold (D:3)
7 creatures vanquished.

Grand Total: 121 creatures vanquished

Notes
Turn   | Place    | Note
-------+----------+-------------------------------------------
     0 | D:1      | Betrocious the Mummy Chaos Knight began the quest for the
                  | Orb.
     0 | D:1      | Reached XP level 1. HP: 18/18 MP: 1/1
    27 | D:1      | XOM: silly message
   113 | D:2      | Reached XP level 2. HP: 24/24 MP: 2/2
   654 | D:1      | Gained mutation: You are in touch with the powers of death.
                  | [Mummy growth]
   654 | D:1      | Reached XP level 3. HP: 29/29 MP: 3/3
  1152 | D:3      | Reached skill level 1 in Dodging
  1300 | D:3      | XOM: divination: magic mapping
  1304 | D:3      | Reached XP level 4. HP: 29/37 MP: 4/4
  1308 | D:3      | Reached XP level 5. HP: 33/43 MP: 5/5
  1406 | D:3      | XOM: 3-stop teleportation journey
  1470 | D:3      | Noticed Grinder
  1483 | D:3      | Paralysed by Grinder for 5 turns
  1493 | D:3      | Killed Grinder
  1494 | D:3      | Reached XP level 6. HP: 36/49 MP: 6/6
  1511 | D:3      | Noticed Ijyb
  1511 | D:3      | XOM: chaos cloud
  1524 | D:3      | XOM: cleaving
  1526 | D:3      | HP: 1/49 [Ijyb/+2 dagger of venom (2)]
  1555 | D:2      | Learned a level 1 spell: Foxfire
  1560 | D:2      | XOM: 9-stop teleportation journey
  1776 | D:3      | Killed Ijyb
  1777 | D:3      | XOM: noise
  2056 | D:4      | Found a sand-covered staircase.
  2151 | D:4      | Found Ticohitz's Antique Weapon Emporium.
  2302 | D:4      | Noticed Blork the orc
  2304 | D:4      | XOM: divination: detect items
  2310 | D:4      | Noticed Menkaure
  2390 | D:3      | XOM: silly message
  2551 | D:4      | XOM: 2-stop teleportation journey
  2563 | D:4      | Killed Menkaure
  2564 | D:4      | Reached skill level 5 in Fighting
  2564 | D:4      | Reached skill level 1 in Stealth
  2564 | D:4      | Reached XP level 7. HP: 45/56 MP: 7/7
  2688 | D:4      | XOM: noise
  2691 | D:4      | XOM: potion effect (brilliance)
  2695 | D:4      | Killed Blork the orc
  2728 | D:4      | XOM: divination: magic mapping
  2905 | D:4      | XOM: silly message
  2951 | D:4      | XOM: silly message
  3106 | D:5      | Entered Level 5 of the Dungeon
  3107 | D:5      | Found a staircase to the Ecumenical Temple.
  3116 | Temple   | Entered the Ecumenical Temple
  3255 | D:5      | Found a radiant altar of Vehumet.
  3286 | D:5      | Reached skill level 5 in Maces & Flails
  3301 | D:5      | XOM: noise
  3367 | D:5      | XOM: scenery: create altars
  3387 | D:5      | XOM: divination: detect items
  3535 | D:5      | XOM: scenery: create altars
  3584 | D:5      | Found a runed translucent door.
  3585 | D:5      | Noticed caec's ghost (novice DrTm)
  3637 | D:5      | Found a basalt altar of Yredelemnul.
  3648 | D:5      | XOM: scenery: summon butterflies
  3653 | D:5      | XOM: summons 4 hostile demons
  3768 | D:5      | Reached XP level 8. HP: 62/62 MP: 8/8
  3793 | D:5      | XOM: enchant monster (good)
  3958 | D:5      | XOM: scenery: create altars
  3959 | D:5      | XOM: confuse monster(s)
  4012 | D:6      | XOM: potion effect (attraction)
  4049 | D:6      | XOM: god gift: book of Necromancy
  4053 | D:6      | Learned a level 1 spell: Necrotise
  4215 | D:6      | XOM: smoke on damage
  4221 | D:6      | XOM: smoke on damage
  4221 | D:6      | HP: 2/62 [wight/+1 halberd of flaming (4)]
  4222 | D:6      | Slain by a wight

Illustrated notes

Levels and vault maps discovered:
D:1:      erik_arrival_cave_to_civilisation [erik_arrival_cave_to_hall],
          layout_rooms, minmay_heptomino_w4
D:2:      layout_loops_cross
D:3:      layout_rooms, uniq_ijyb, uniq_grinder
D:4:      minmay_octagon_keep, layout_rooms,
          lightli_ossuary_entry_decrepit_ruins, serial_shops,
          nicolae_shop_rolling_square, bh_walls_and_bars, uniq_menkaure,
          uniq_blork_the_orc
D:5:      minmay_spotlight, layout_basic, vehumet_statue,
          lemuel_zombie_altar_yredelemnul, minmay_temple_entry_trees,
          portal_sewer_entry_b, ebering_ghost_reflecting_pool
D:6:      kennysheep_big_flooded_room, layout_cave_pools,
          ebering_ghost_disaster_area, kennysheep_doodads,
          minmay_strange_pillars, uniq_pikel
Temple:   hellmonk_temple_two_chambers

Skill      XL: |  1  2  3  4  5  6  7  8 |
---------------+-------------------------+-----
Maces & Flails | 3 4 5 |  5.6
Dodging        | 1 |  1.7
Fighting       | 4 5 |  5.3
Armour         | 2 3 4 |  4.3
Stealth        | 1 2 |  2.1

Action                     |  1- 3 |  4- 6 |  7- 9 || total
---------------------------+-------+-------+-------++-------
  Melee: Mace              |   119 |   120 |   240 ||   479
         Punch             |     1 |       |     2 ||     3
  Evoke: Piece from Xom's  |     2 |       |     2 ||     4
         Wand              |       |       |     1 ||     1
    Use: Scroll            |     2 |     5 |     1 ||     8
   Stab: Paralysed         |     1 |     9 |     1 ||    11
         Confused          |       |     1 |     1 ||     2
 Armour: Ring mail         |    56 |       |       ||    56
         Chain mail        |     3 |    85 |   148 ||   236
         Plate armour      |       |       |    25 ||    25
  Dodge: Dodged            |    66 |    60 |   107 ||   233
